 Dungeon Crawl Stone Soup version 0.21-a0-372-gd0ff781 (webtiles) character file.

1316 4thArraOfDagon the Insei (level 8, -1/70 HPs)
             Began as a Black Draconian Monk on Oct 16, 2017.
             Was a Priest of Cheibriados.
             Slain by an orc
             ... wielding a +0 club
              (3 damage)
             ... on level 5 of the Dungeon.
             The game lasted 00:07:48 (1681 turns).

4thArraOfDagon the Insei (Black Draconian Monk)     Turns: 1681, Time: 00:07:49

Health: -1/70      AC:  7    Str: 21    XL:     8   Next: 33%
Magic:  8/10       EV: 16    Int: 19    God:    Cheibriados [***...]
Gold:   152        SH:  0    Dex: 21    Spells: 7/7 levels left

rFire    . . .     SeeInvis .   i - +10 trident of Suicidal Tendencies {flame, +Blink rC+}
rCold    + . .     Gourm    .   (no shield)
rNeg     . . .     Faith    .   (armour unavailable)
rPois    .         Spirit   .   (helmet restricted)
rElec    +         Reflect  .   m - +0 cloak
rCorr    .         Harm     .   (no gloves)
MR       .....                  (no boots)
Stlth    ++........             (no amulet)
HPRegen  0.21/turn              (no ring)
MPRegen  0.12/turn              (no ring)

@: very slow
A: breathe lightning, unfitting armour, electricity resistance, cold-blooded, AC
+6
a: Breathe Lightning, Bend Time, Temporal Distortion, Renounce Religion, Evoke
Blink


You were on level 5 of the Dungeon.
You worshipped Cheibriados.
Cheibriados was most pleased with you.
You were not hungry.

You visited 1 branch of the dungeon, and saw 5 of its levels.

You collected 152 gold pieces.

Inventory:

Hand Weapons
 d - a +0 whip of venom
 i - the +10 trident of Suicidal Tendencies (weapon) {flame, +Blink rC+}
   (You found it on level 4 of the Dungeon)

   It has been specially enchanted to burn those struck by it, causing extra
   injury to most foes and up to half again as much damage against particularly
   susceptible opponents.
   It protects you from cold.
   It lets you blink.
Armour
 m - a +0 cloak (worn)
Wands
 e - a wand of lightning (10/15)
Scrolls
 b - a scroll of remove curse
 c - 3 scrolls of identify
 g - a scroll of fog
 j - 2 scrolls of enchant armour
 l - a scroll of recharging
Potions
 f - 2 potions of might
 h - a potion of curing
 k - a potion of mutation {unknown}
Comestibles
 a - 4 bread rations


   Skills:
 + Level 6.1 Fighting
 + Level 5.1 Dodging
 - Level 1.7 Stealth
 * Level 7.3 Unarmed Combat
 + Level 3.7 Invocations


You had 7 spell levels left.
You didn't know any spells.

Dungeon Overview and Level Annotations

Branches:
Dungeon (5/15)
 Temple: D:4-7

Altars:
Cheibriados
Fedhas
Gozag
The Shining One


Innate Abilities, Weirdness & Mutations

You can breathe wild blasts of lightning.
Your glossy black scales are hard. (AC +6)
You cannot fit into any form of body armour.
You are resistant to electric shocks. (rElec)
You are cold-blooded and may be slowed by cold attacks.


Message History

You barely miss the two-headed ogre. You tail-slap the two-headed ogre.
The two-headed ogre is almost dead.
The orc closely misses you.
The two-headed ogre hits you with a giant club.
* * * LOW HITPOINT WARNING * * *
The two-headed ogre closely misses you. The orc closely misses you.
Unknown command.
Unknown command.
Unknown command.
You puncture the two-headed ogre! You burn the two-headed ogre.
You kill the two-headed ogre!
Cheibriados appreciates the change of pace.
Your Fighting skill increases to level 6!
Your Dodging skill increases to level 5!
Your Unarmed Combat skill increases to level 7!
Your Invocations skill increases to level 3!
You have reached level 8!
You feel stronger. The orc hits you with a club.
You die...

###.
##########..######
#..# #..# #####
#..# ...# #..#
#####.####..#
#...........#
#.#.###)####.##
#....)@o.....#
###.###)###### #.#
#.# ..# ###


You could see an orc.

Vanquished Creatures
  A two-headed ogre (D:5)
  An ice beast (D:5)
  2 crimson imps (D:5)
  A centaur zombie (D:5)
  3 hounds (D:4)
  An orc priest (D:4)
  2 orc wizards
  Ijyb (D:3)
  Natasha (D:3)
  An iguana (D:3)
  3 worker ants
  A hound skeleton (D:4)
  A mummy (D:4)
  Robin (D:2)
  3 adders
  2 oozes
  An adder skeleton (D:4)
  4 worms
  3 dart slugs
  A leopard gecko (D:3)
  11 orcs
  A giant cockroach (D:3)
  11 goblins
  6 hobgoblins
  2 quokkas
  A bat (D:2)
  6 frilled lizards
  A goblin zombie (D:4)
  A hobgoblin zombie (D:4)
  2 kobolds
  3 rats
79 creatures vanquished.

Notes
Turn   | Place    | Note
-------+----------+-------------------------------------------
     0 | D:1      | 4thArraOfDagon the Draconian Monk began the quest for the Orb.
     0 | D:1      | Reached XP level 1. HP: 19/19 MP: 1/1
    79 | D:2      | Reached XP level 2. HP: 11/26 MP: 2/2
   316 | D:3      | Noticed Natasha
   326 | D:3      | Noticed Ijyb
   362 | D:3      | Killed Ijyb
   362 | D:3      | Reached XP level 3. HP: 23/33 MP: 3/3
   402 | D:3      | Killed Natasha
   402 | D:3      | Reached skill level 4 in Unarmed Combat
   402 | D:3      | Reached XP level 4. HP: 23/40 MP: 4/4
   778 | D:4      | Reached XP level 5. HP: 32/46 MP: 5/5
   846 | D:4      | Got a steaming trident
   847 | D:4      | Identified the +10 trident of Suicidal Tendencies {flame, +Blink rC+} (You found it on level 4 of the Dungeon)
   877 | D:4      | Reached skill level 5 in Unarmed Combat
   944 | D:4      | Found a snail-covered altar of Cheibriados.
   946 | D:4      | Became a worshipper of Cheibriados the Contemplative
   946 | D:4      | Reached * piety under Cheibriados
   946 | D:4      | Reached ** piety under Cheibriados
  1005 | D:4      | Reached XP level 6. HP: 45/53 MP: 6/6
  1044 | D:4      | Found a blossoming altar of Fedhas.
  1076 | D:4      | Reached skill level 1 in Invocations
  1087 | D:4      | Got a twisted shortbow
  1140 | D:2      | Noticed Robin
  1142 | D:2      | Killed Robin
  1180 | D:2      | Found an opulent altar of Gozag.
  1235 | D:2      | Found a glowing golden altar of the Shining One.
  1414 | D:3      | Reached *** piety under Cheibriados
  1465 | D:5      | Entered Level 5 of the Dungeon
  1474 | D:5      | Identified the cursed +0 shortbow "Coyffoto" {venom, rN+} (You took it off an orc on level 4 of the Dungeon)
  1493 | D:5      | Reached skill level 5 in Fighting
  1535 | D:5      | Your scales start taking on a glossy black colour.
  1535 | D:5      | Reached XP level 7. HP: 51/61 MP: 8/8
  1535 | D:5      | Gained mutation: You are resistant to electric shocks. (rElec) [Black Draconian growth]
  1578 | D:5      | Reached skill level 6 in Unarmed Combat
  1672 | D:5      | Noticed a two-headed ogre
  1680 | D:5      | HP: 1/61 [two-headed ogre/giant club (5)]
  1681 | D:5      | Killed a two-headed ogre
  1681 | D:5      | Reached skill level 5 in Dodging
  1681 | D:5      | Reached skill level 7 in Unarmed Combat
  1681 | D:5      | Reached XP level 8. HP: 2/70 MP: 8/10
  1681 | D:5      | Slain by an orc

Vault maps used:
D:1:      dpeg_arrival_more_subterranean_lakeside_camping,
          minmay_misc_feat_pillars
D:2:      nicolae_gozag_cash_rules_everything_around_me,
          lemuel_coloured_pillars_altar, lemuel_round_altar, serial_park_tiny_2,
          st_stairs_4, uniq_robin, uniq_crazy_yiuf_cottage
D:3:      serial_co_window_serial, co_window_corner_a, co_window_corner_a,
          co_window_paths_b, co_window_paths_a, co_window_corner_a,
          co_window_2corner, co_window_corner_ca, co_window_of_opportunity_b,
          co_window_corner_b, co_window_paths_e, glass_columns_b,
          glass_columns_a, uniq_ijyb, uniq_terence, uniq_natasha
D:4:      minmay_wonky_spiral, kennysheep_slug_shrine,
          nicolae_ossuary_entry_giza, first_bread, minmay_ruined_shrine
D:5:      nicolae_tso_carved_into_rock

Skill      XL: |  1  2  3  4  5  6  7 |
---------------+----------------------+-----
Dodging        | 3 4 5 |  5.1
Unarmed Combat | 4 5 7 |  7.3
Fighting       | 4 5 6 |  6.1
Invocations    | 1 3 |  3.7
Stealth        | |  1.7

Action                   |  1- 3 |  4- 6 |  7- 9 || total
-------------------------+-------+-------+-------++-------
Melee: Unarmed           |    73 |       |       ||    73
       Tailslap          |    13 |    22 |     3 ||    38
       Whip              |     3 |    68 |       ||    71
       Punch             |       |     5 |       ||     5
       Trident           |       |    80 |    27 ||   107
Evoke: Wand              |       |     1 |       ||     1
  Use: Potion            |     3 |       |       ||     3
       Scroll            |     3 |     6 |       ||     9
 Stab: Sleeping          |       |    10 |     3 ||    13
  Eat: Chunk             |       |     1 |     1 ||     2
Armor: Skin              |    12 |    46 |     8 ||    66
Dodge: Dodged            |    44 |   129 |    16 ||   189

Table legend:
 A = Spawn XP
 B = Non-spawn XP
 C = Spawn XP percentage of total XP
 D = Spawn monster count
 E = Non-spawn monster count
 F = Spawn count percentage of total count
 G = Total turns spent on level
                    A         B        C        D         E        F      G
               +---------+---------+-------+---------+---------+-------+---------
         Total |       0 |    1880 |   0.0 |       0 |      79 |   0.0 |  1681
               +---------+---------+-------+---------+---------+-------+---------
           D:1 |       0 |      12 |   0.0 |       0 |       5 |   0.0 |   148
           D:2 |       0 |      55 |   0.0 |       0 |      18 |   0.0 |   239
           D:3 |       0 |     196 |   0.0 |       0 |      21 |   0.0 |   687
           D:4 |       0 |     383 |   0.0 |       0 |      25 |   0.0 |   391
           D:5 |       0 |    1234 |   0.0 |       0 |      10 |   0.0 |   216
               +---------+---------+-------+---------+---------+-------+---------
